TOP OF THE 1ST |
Atlanta Smoke batting - Pitching for Phoenix Hotspur : RHP Jaime van de Weideven
|
Pitching: RHP Jaime van de Weideven
|
|
Batting: RHB Bartolo Morales
|
0-0: SINGLE (Groundball, 56D)
|
Batting: LHB Albert Morán
|
0-0: Called Strike 0-1: Called Strike Bartolo Morales steals 2nd base 0-2: Foul Ball, location: 2F 0-2: Ball 1-2: Ball 2-2: Strikes out swinging
|
Batting: LHB Yataro Kodo
|
0-0: Ball 1-0: Ball 2-0: Ball 3-0: Called Strike 3-1: Ground out U3 (Groundball, 34) Bartolo Morales to third
|
Batting: SHB Valentín Guzmán
|
0-0: Ball 1-0: Ball 2-0: Foul Ball, location: 2F 2-1: Fly out, F9 (Line Drive, 9)
|
Top of the 1st over - 0 runs, 1 hit, 0 errors, 1 left on base; Atlanta 0 - Phoenix 0 |
BOTTOM OF THE 1ST |
Phoenix Hotspur batting - Pitching for Atlanta Smoke : RHP Calvin Beck
|
Pitching: RHP Calvin Beck
|
|
Batting: RHB Roland Deschain
|
0-0: Ball 1-0: Ground out 6-3 (Groundball, 6)
|
Batting: RHB Kyle Bywaters
|
0-0: Called Strike 0-1: Fly out, F9 (Flyball, 9)
|
Batting: LHB Francisco García
|
0-0: Called Strike 0-1: Ball 1-1: Ball 2-1: Foul Ball, location: 2F 2-2: Fly out, F8 (Flyball, 78D)
|
Bottom of the 1st over - 0 runs, 0 hits, 0 errors, 0 left on base; Atlanta 0 - Phoenix 0 |
TOP OF THE 2ND |
Atlanta Smoke batting - Pitching for Phoenix Hotspur : RHP Jaime van de Weideven
|
Batting: RHB Gabriel Maldonado
|
0-0: Called Strike 0-1: Ball 1-1: Called Strike 1-2: Fly out, F8 (Flyball, 8RM)
|
Batting: RHB Bobby Butterfield
|
0-0: Ball 1-0: Ball 2-0: Called Strike 2-1: Called Strike 2-2: Ball 3-2: Ground out 3-1 (Groundball, 34)
|
Batting: SHB Melito Báez
|
0-0: SINGLE (Groundball, 6D)
|
Batting: RHB Casey Cavell
|
0-0: Called Strike 0-1: Foul Ball, location: 2F 0-2: Ball 1-2: Ball 2-2: Strikes out swinging
|
Top of the 2nd over - 0 runs, 1 hit, 0 errors, 1 left on base; Atlanta 0 - Phoenix 0 |
BOTTOM OF THE 2ND |
Phoenix Hotspur batting - Pitching for Atlanta Smoke : RHP Calvin Beck
|
Batting: LHB Mario Cruz
|
0-0: Ball 1-0: Foul Ball, location: 2F 1-1: Ball 2-1: Ball 3-1: Foul Ball, location: 2F 3-2: Strikes out looking
|
Batting: RHB Randy Rehling
|
0-0: Ball 1-0: Fly out, F8 (Flyball, 78D)
|
Batting: RHB Ted Cook
|
0-0: Ball 1-0: Called Strike 1-1: Swinging Strike 1-2: Foul Ball, location: 2F 1-2: Ball 2-2: Fly out, F4 (Popup, 4)
|
Bottom of the 2nd over - 0 runs, 0 hits, 0 errors, 0 left on base; Atlanta 0 - Phoenix 0 |
TOP OF THE 3RD |
Atlanta Smoke batting - Pitching for Phoenix Hotspur : RHP Jaime van de Weideven
|
Batting: LHB Mike Pace
|
0-0: Ball 1-0: DOUBLE (Line Drive, 89XD)
|
Batting: RHB Bartolo Morales
|
0-0: Foul Ball, location: 2F 0-1: Ball 1-1: Foul Ball, location: 2F 1-2: Strikes out looking
|
Batting: LHB Albert Morán
|
0-0: Ball 1-0: 2-RUN HOME RUN (Flyball, 9LD), Distance : 365 ft
|
Batting: LHB Yataro Kodo
|
0-0: Called Strike 0-1: SINGLE (Groundball, 4MD)
|
Batting: SHB Valentín Guzmán
|
0-0: Foul Ball, location: 2F 0-1: Foul Ball, location: 2F 0-2: Ground out 4-3 (Groundball, 34) Yataro Kodo to second
|
Batting: RHB Gabriel Maldonado
|
0-0: Called Strike 0-1: Called Strike 0-2: Ball 1-2: Ball 2-2: Strikes out looking
|
Top of the 3rd over - 2 runs, 3 hits, 0 errors, 1 left on base; Atlanta 2 - Phoenix 0 |
BOTTOM OF THE 3RD |
Phoenix Hotspur batting - Pitching for Atlanta Smoke : RHP Calvin Beck
|
Batting: LHB Shojiro Ueda
|
0-0: Ball 1-0: Swinging Strike 1-1: Ball 2-1: Ball 3-1: Foul Ball, location: 2F 3-2: Ground out 6-3 (Groundball, 6M)
|
Batting: RHB Pierre Bernard
|
0-0: Called Strike 0-1: Foul Ball, location: 2F 0-2: Ball 1-2: Ball 2-2: Strikes out swinging, 2-3 out at first.
|
Batting: LHB Wagaw Lukongolo
|
0-0: Foul Ball, location: 2F 0-1: Called Strike 0-2: Foul Ball, location: 2F 0-2: Strikes out swinging
|
Bottom of the 3rd over - 0 runs, 0 hits, 0 errors, 0 left on base; Atlanta 2 - Phoenix 0 |
TOP OF THE 4TH |
Atlanta Smoke batting - Pitching for Phoenix Hotspur : RHP Jaime van de Weideven
|
Batting: RHB Bobby Butterfield
|
0-0: Ball 1-0: Fly out, F8 (Line Drive, 8LD)
|
Batting: SHB Melito Báez
|
0-0: Ball 1-0: Called Strike 1-1: Reached on error, E6 (Groundball, 6M)
|
Batting: RHB Casey Cavell
|
0-0: Called Strike 0-1: Foul Ball, location: 2F 0-2: Ball 1-2: Fly out, F9 (Line Drive, 89M)
|
Batting: LHB Mike Pace
|
0-0: Called Strike 0-1: Foul Ball, location: 2F 0-2: Ball 1-2: Fly out, F9 (Flyball, 89D)
|
Top of the 4th over - 0 runs, 0 hits, 1 error, 1 left on base; Atlanta 2 - Phoenix 0 |
BOTTOM OF THE 4TH |
Phoenix Hotspur batting - Pitching for Atlanta Smoke : RHP Calvin Beck
|
Batting: RHB Roland Deschain
|
0-0: Ball 1-0: Called Strike 1-1: Swinging Strike 1-2: SINGLE (Groundball, 4MD)
|
Batting: RHB Kyle Bywaters
|
0-0: Ball 1-0: Called Strike Roland Deschain steals 2nd base 1-1: Foul Ball, location: 2F 1-2: Ground out 6-3 (Groundball, 6)
|
Batting: LHB Francisco García
|
0-0: Called Strike Roland Deschain steals 3rd base 0-1: Called Strike 0-2: Ball 1-2: Ground out 6-3 (Groundball, 56) Roland Deschain scores
|
Batting: LHB Mario Cruz
|
0-0: Called Strike 0-1: Fly out, F7 (Flyball, 78M)
|
Bottom of the 4th over - 1 run, 1 hit, 0 errors, 0 left on base; Atlanta 2 - Phoenix 1 |
TOP OF THE 5TH |
Atlanta Smoke batting - Pitching for Phoenix Hotspur : RHP Jaime van de Weideven
|
Batting: RHB Bartolo Morales
|
0-0: Ground out 1-3 (Groundball, 13S)
|
Batting: LHB Albert Morán
|
0-0: Ball 1-0: Ground out U3 (Groundball, 3S)
|
Batting: LHB Yataro Kodo
|
0-0: Ball 1-0: Fly out, F8 (Flyball, 78M)
|
Top of the 5th over - 0 runs, 0 hits, 0 errors, 0 left on base; Atlanta 2 - Phoenix 1 |
BOTTOM OF THE 5TH |
Phoenix Hotspur batting - Pitching for Atlanta Smoke : RHP Calvin Beck
|
Batting: RHB Randy Rehling
|
0-0: Called Strike 0-1: Ball 1-1: Foul Ball, location: 2F 1-2: Ground out 6-3 (Groundball, 6)
|
Batting: RHB Ted Cook
|
0-0: Called Strike 0-1: Ball 1-1: Ball 2-1: Ground out 5-3 (Groundball, 56)
|
Batting: LHB Shojiro Ueda
|
0-0: Ground out 5-3 (Groundball, 56)
|
Bottom of the 5th over - 0 runs, 0 hits, 0 errors, 0 left on base; Atlanta 2 - Phoenix 1 |
TOP OF THE 6TH |
Atlanta Smoke batting - Pitching for Phoenix Hotspur : RHP Jaime van de Weideven
|
Batting: SHB Valentín Guzmán
|
0-0: Called Strike 0-1: Ground out 6-3 (Groundball, 6M)
|
Batting: RHB Gabriel Maldonado
|
0-0: Called Strike 0-1: SINGLE (Line Drive, 78S)
|
Batting: RHB Bobby Butterfield
|
0-0: Ball 1-0: Swinging Strike 1-1: Ball 2-1: Called Strike 2-2: Ball 3-2: Strikes out looking
|
Batting: SHB Melito Báez
|
0-0: Foul Ball, location: 2F Pickoff Throw to First - Out!
|
Top of the 6th over - 0 runs, 1 hit, 0 errors, 0 left on base; Atlanta 2 - Phoenix 1 |
BOTTOM OF THE 6TH |
Phoenix Hotspur batting - Pitching for Atlanta Smoke : RHP Calvin Beck
|
Batting: RHB Pierre Bernard
|
0-0: Ball 1-0: Foul Ball, location: 2F 1-1: Ball 2-1: Foul Ball, location: 2F 2-2: Strikes out looking
|
Batting: LHB Wagaw Lukongolo
|
0-0: Ball 1-0: Ground out 6-3 (Groundball, 6S)
|
Batting: RHB Roland Deschain
|
0-0: Fly out, F8 (Flyball, 8RM)
|
Bottom of the 6th over - 0 runs, 0 hits, 0 errors, 0 left on base; Atlanta 2 - Phoenix 1 |
TOP OF THE 7TH |
Atlanta Smoke batting - Pitching for Phoenix Hotspur : RHP Jaime van de Weideven
|
Batting: SHB Melito Báez
|
0-0: Called Strike 0-1: SINGLE (Line Drive, 34)
|
Batting: RHB Casey Cavell
|
0-0: Ball Wild Pitch! Melito Báez to second 1-0: Intentional Walk
|
Batting: LHB Mike Pace
|
0-0: Called Strike 0-1: Swinging Strike 0-2: Strikes out swinging
|
Batting: RHB Bartolo Morales
|
0-0: Ball 1-0: Ball 2-0: Ball 3-0: Called Strike 3-1: SINGLE (Groundball, 56) (infield hit) Melito Báez to third Casey Cavell to second
|
Batting: LHB Albert Morán
|
0-0: Swinging Strike 0-1: Foul Ball, location: 2F 0-2: Foul Ball, location: 2F 0-2: Ball 1-2: Strikes out swinging
|
Batting: LHB Yataro Kodo
|
0-0: Fly out, F9 (Line Drive, 9D)
|
Top of the 7th over - 0 runs, 2 hits, 0 errors, 3 left on base; Atlanta 2 - Phoenix 1 |
BOTTOM OF THE 7TH |
Phoenix Hotspur batting - Pitching for Atlanta Smoke : RHP Calvin Beck
|
Batting: RHB Kyle Bywaters
|
0-0: Ball 1-0: Ball 2-0: Called Strike 2-1: Swinging Strike 2-2: Strikes out looking
|
Batting: LHB Francisco García
|
0-0: Foul Ball, location: 2F 0-1: Ground out U3 (Groundball, 3)
|
Batting: LHB Mario Cruz
|
0-0: Ball 1-0: Called Strike 1-1: Ball 2-1: Ball 3-1: Called Strike 3-2: Ground out 4-3 (Groundball, 4)
|
Bottom of the 7th over - 0 runs, 0 hits, 0 errors, 0 left on base; Atlanta 2 - Phoenix 1 |
TOP OF THE 8TH |
Atlanta Smoke batting - Pitching for Phoenix Hotspur : RHP Jaime van de Weideven
|
Batting: SHB Valentín Guzmán
|
0-0: Ball 1-0: Foul Ball, location: 2F 1-1: Swinging Strike 1-2: Ball 2-2: Ball 3-2: Base on Balls
|
Batting: RHB Gabriel Maldonado
|
0-0: Called Strike 0-1: Ball 1-1: Ball 2-1: Ball 3-1: Swinging Strike 3-2: Grounds into double play, 5-4-3 (Groundball, 56)
|
Batting: RHB Bobby Butterfield
|
0-0: Called Strike 0-1: Ball 1-1: Swinging Strike 1-2: Strikes out looking
|
Top of the 8th over - 0 runs, 0 hits, 0 errors, 0 left on base; Atlanta 2 - Phoenix 1 |
BOTTOM OF THE 8TH |
Phoenix Hotspur batting - Pitching for Atlanta Smoke : RHP Calvin Beck
|
Batting: RHB Randy Rehling
|
0-0: Ball 1-0: Called Strike 1-1: Called Strike 1-2: Foul Ball, location: 2F 1-2: Strikes out swinging
|
Batting: RHB Ted Cook
|
0-0: SINGLE (Groundball, 56) (infield hit)
|
Batting: LHB Shojiro Ueda
|
0-0: Called Strike 0-1: Ball 1-1: Ball 2-1: Called Strike 2-2: Foul Ball, location: 2F 2-2: 2-RUN HOME RUN (Flyball, 9LD), Distance : 366 ft
|
Batting: RHB Pierre Bernard
|
0-0: Ball 1-0: Called Strike 1-1: Ball 2-1: Foul Ball, location: 2F 2-2: Strikes out swinging
|
Batting: LHB Wagaw Lukongolo
|
0-0: Foul Ball, location: 2F 0-1: Foul Ball, location: 2F 0-2: Ball 1-2: Ball 2-2: Ball 3-2: DOUBLE (Line Drive, 9LM)
|
Batting: RHB Roland Deschain
|
0-0: Ball Wagaw Lukongolo steals 3rd base 1-0: Foul Ball, location: 2F 1-1: Ground out 6-3 (Groundball, 6)
|
Bottom of the 8th over - 2 runs, 3 hits, 0 errors, 1 left on base; Atlanta 2 - Phoenix 3 |
TOP OF THE 9TH |
Atlanta Smoke batting - Pitching for Phoenix Hotspur : RHP Jaime van de Weideven
|
Batting: SHB Melito Báez
|
0-0: Swinging Strike 0-1: Swinging Strike 0-2: Ball 1-2: Ball 2-2: Strikes out looking
|
Batting: RHB Casey Cavell
|
0-0: Ground out 6-3 (Groundball, 6)
|
Batting: LHB Mike Pace
|
0-0: Ball 1-0: Ball 2-0: Ball 3-0: Base on Balls
|
Pitching: RHP Alexander Weareorwear
|
|
Pinch Runner at 1st Ernesto Trevino:
|
|
Batting: RHB Bartolo Morales
|
0-0: Ball 1-0: SINGLE (Groundball, 34D) - runner OUT being hit by batted ball.
|
Top of the 9th over - 0 runs, 1 hit, 0 errors, 1 left on base; Atlanta 2 - Phoenix 3 |
|